[Event "ESCC-65 2022"]
[Site "Lublin"]
[Date "2022.07.11"]
[Round "7.9"]
[White "Krupa, Jerzy"]
[Black "Hewson, Brian W R"]
[Result "1-0"]
[ECO "B10"]
[WhiteElo "1771"]
[BlackElo "2049"]
[Annotator "ChessBase"]
[PlyCount "59"]
[EventDate "2022.07.05"]
[EventType "swiss"]
[EventCountry "POL"]
[SourceTitle "playchess.com"]
[Source "ChessBase"]
[SourceQuality "1"]
[TimeControl "40/5400+30:1800+30"]

1. e4 c6 2. Ne2 d5 3. e5 c5 4. d4 Nc6 5. c3 e6 6. a3 cxd4 7. cxd4 Bd7 8. Nbc3 Nge7 9. Bg5 h6 10. Bxe7 Bxe7 11. Qd3 Qb6 12. b4 Rc8 13. Rc1 O-O 14. Kd2 f6 15. f4 Nd8 16. g3 Qa6 17. Qxa6 bxa6 18. Bh3 f5 19. g4 fxg4 20. Bxg4 Rb8 21. Nxd5 exd5 22. Bxd7 a5 23. bxa5 Bxa3 24. Rb1 Bb4+ 25. Kd3 Rf7 26. e6 Re7 27. f5 Kf8 28. Nf4 Rxd7 29. exd7 Ke7 30. Nxd5+ 1-0

[Event "ESCC-65 2022"]
[Site "Lublin"]
[Date "2022.07.11"]
[Round "7.10"]
[White "Sosnowska, Elzbieta"]
[Black "Praszak, Michal"]
[Result "0-1"]
[ECO "B71"]
[WhiteElo "1726"]
[BlackElo "2048"]
[Annotator "ChessBase"]
[PlyCount "84"]
[EventDate "2022.07.05"]
[EventType "swiss"]
[EventCountry "POL"]
[SourceTitle "playchess.com"]
[Source "ChessBase"]
[SourceQuality "1"]
[TimeControl "40/5400+30:1800+30"]

1. e4 c5 2. Nf3 d6 3. d4 cxd4 4. Nxd4 Nf6 5. Nc3 g6 6. f4 Bg7 7. e5 Nh5 8. Bb5+ Bd7 9. e6 fxe6 10. Nxe6 Bxc3+ 11. bxc3 Qc8 12. Bxd7+ Qxd7 13. Qe2 Nf6 14. O-O Nc6 15. Bd2 Nd8 16. Nd4 Nc6 17. Rae1 Nxd4 18. cxd4 Rc8 19. c3 Rc7 20. f5 gxf5 21. Qd3 Ne4 22. Rxe4 fxe4 23. Qxe4 Qa4 24. Qd5 Qc2 25. Qf7+ Kd8 26. Qg7 Re8 27. Qg5 Qxa2 28. h3 Rg8 29. Qh6 Qd5 30. Rf8+ Rxf8 31. Qxf8+ Kd7 32. Qg7 Qe4 33. Qf7 Rc8 34. Qb3 a6 35. d5 b5 36. Qa2 Rg8 37. Bh6 Rg6 38. Qd2 a5 39. g4 Rf6 40. Be3 Rf3 41. Bd4 Rxh3 42. Qg5 Rg3+ 0-1

[Event "ESCC-65 2022"]
[Site "Lublin"]
[Date "2022.07.11"]
[Round "7.11"]
[White "Gasik, Piotr"]
[Black "Chubar, Vladimir"]
[Result "1-0"]
[ECO "A02"]
[WhiteElo "1990"]
[BlackElo "1809"]
[Annotator "ChessBase"]
[PlyCount "125"]
[EventDate "2022.07.05"]
[EventType "swiss"]
[EventCountry "POL"]
[SourceTitle "playchess.com"]
[Source "ChessBase"]
[SourceQuality "1"]
[TimeControl "40/5400+30:1800+30"]

1. f4 g6 2. Nf3 Bg7 3. g3 b6 4. Bg2 Bb7 5. O-O c5 6. c3 Nf6 7. d3 O-O 8. Na3 d5 9. Bd2 Nc6 10. Rc1 a6 11. b4 Qd6 12. Nc2 Nd7 13. e4 dxe4 14. dxe4 e5 15. f5 Nf6 16. Re1 Rad8 17. Qe2 gxf5 18. bxc5 bxc5 19. Bg5 Nxe4 20. Bxd8 Rxd8 21. Ne3 Qf6 22. Nxf5 Qxf5 23. Nh4 Nxg3 24. Nxf5 Nxe2+ 25. Rxe2 Bf6 26. Rb1 Bc8 27. Be4 Bxf5 28. Bxf5 Ne7 29. Be4 Rd6 30. Reb2 Kg7 31. Rb6 Rd2 32. Rxa6 Bg5 33. Ra7 Re2 34. Ba8 e4 35. Kf1 Re3 36. c4 Rf3+ 37. Kg2 Re3 38. Bd5 Kg6 39. Rb3 Re1 40. Rb6+ Kg7 41. Rbb7 Kf8 42. Rb8+ Kg7 43. Re8 Nxd5 44. cxd5 e3 45. d6 h5 46. d7 Rd1 47. h4 Bxh4 48. Rxe3 Bf6 49. Re4 Kg6 50. Rc4 Rd5 51. a4 Kf5 52. a5 h4 53. Rc7 Rd2+ 54. Kf3 Ke6 55. R4xc5 h3 56. a6 Rd3+ 57. Ke2 Ra3 58. R7c6+ Ke7 59. Rxf6 h2 60. Rh6 Rxa6 61. Rch5 Ra2+ 62. Kd3 Kxd7 63. Rxh2 1-0

[Event "ESCC-65 2022"]
[Site "Lublin"]
[Date "2022.07.11"]
[Round "7.13"]
[White "Gromowski, Stanislaw"]
[Black "Scowen, Roger S"]
[Result "1/2-1/2"]
[ECO "B10"]
[WhiteElo "1613"]
[BlackElo "1864"]
[Annotator "NA"]
[PlyCount "102"]
[EventDate "2022.07.05"]
[EventType "swiss"]
[EventCountry "POL"]
[SourceTitle "playchess.com"]
[Source "ChessBase"]
[SourceQuality "1"]
[TimeControl "40/5400+30:1800+30"]

1. e4 c6 2. Nf3 d5 3. exd5 cxd5 4. d4 Bg4 5. Bb5+ Nd7 6. c3 a6 7. Ba4 b5 8. Bb3 Ngf6 9. O-O e6 10. Re1 Be7 11. Nbd2 O-O 12. Bc2 Rc8 13. Nf1 Bh5 14. Ng3 Bg6 15. Bxg6 hxg6 16. Bf4 b4 17. cxb4 Bxb4 18. Re2 Qb6 19. h3 Rc4 20. Be3 Qb8 21. Qd3 Rfc8 22. a3 Bd6 23. Nf1 Qb5 24. Rd1 Ne4 25. g3 Nb6 26. Kg2 R4c6 27. Ne1 Na4 28. Qxb5 axb5 29. f3 Nec3 30. bxc3 Nxc3 31. Red2 Nxd1 32. Rxd1 Bxa3 33. Rb1 b4 34. Bd2 Rc4 35. Be3 Bc1 36. Bf2 Rb8 37. Nd3 Ba3 38. Nc5 Rc1 39. Rb3 Rc3 40. Nd2 Rxb3 41. Ndxb3 Bb2 42. f4 Ra8 43. Kf3 Ra3 44. Ke2 f6 45. Be1 Ra2 46. Kd3 Bc3 47. Bd2 Bxd2 48. Nxd2 Kf7 49. Ncb3 Ra8 50. Nc5 Ra3+ 51. Ncb3 Ra8 1/2-1/2

[Event "ESCC-65 2022"]
[Site "Lublin"]
[Date "2022.07.11"]
[Round "7.15"]
[White "Kasprzyk, Irena"]
[Black "Severcan, Sedat Sabri"]
[Result "0-1"]
[ECO "B92"]
[WhiteElo "2017"]
[BlackElo "1849"]
[Annotator "ChessBase"]
[PlyCount "63"]
[EventDate "2022.07.05"]
[EventType "swiss"]
[EventCountry "POL"]
[SourceTitle "playchess.com"]
[Source "ChessBase"]
[SourceQuality "1"]
[TimeControl "40/5400+30:1800+30"]

1. e4 c5 2. Nf3 d6 3. d4 cxd4 4. Nxd4 Nf6 5. Nc3 a6 6. Be2 e5 7. Nb3 Be6 8. Bg5 Nbd7 9. Nd5 Bxd5 10. exd5 Be7 11. Bxf6 Bxf6 12. c4 O-O 13. O-O a5 14. Bg4 a4 15. Nd2 Nc5 16. b4 axb3 17. axb3 Qb6 18. Rb1 Qb4 19. Bf3 Be7 20. Ne4 Nxe4 21. Bxe4 f5 22. Bc2 g6 23. Qe1 Qc5 24. Qe2 Rfc8 25. Qd2 Bf6 26. Bd3 Qd4 27. Rfd1 e4 28. Be2 Qe5 29. f4 Qe7 30. b4 b6 31. Rdc1 Qa7 32. Qd1 0-1

[Event "ESCC-65 2022"]
[Site "Lublin"]
[Date "2022.07.11"]
[Round "7.16"]
[White "Berkley, Stephen W"]
[Black "Virtanen, Esko"]
[Result "1/2-1/2"]
[ECO "D11"]
[WhiteElo "1525"]
[BlackElo "1709"]
[Annotator "NA"]
[PlyCount "85"]
[EventDate "2022.07.05"]
[EventType "swiss"]
[EventCountry "POL"]
[SourceTitle "playchess.com"]
[Source "ChessBase"]
[SourceQuality "1"]
[TimeControl "40/5400+30:1800+30"]

1. d4 d5 2. c4 c6 3. Nf3 Nf6 4. Qc2 e6 5. e3 Be7 6. Nc3 O-O 7. Bd3 g6 8. b3 Na6 9. a3 b6 10. O-O c5 11. cxd5 exd5 12. Bb2 Bb7 13. Qe2 Nc7 14. dxc5 bxc5 15. Rfd1 Ne6 16. Ba6 Qb6 17. Bxb7 Qxb7 18. b4 cxb4 19. axb4 Bxb4 20. Rab1 a5 21. Na2 Ne4 22. Qd3 Rfd8 23. Ba1 Qe7 24. Nxb4 axb4 25. Qb3 Rxa1 26. Rxa1 Nc3 27. Rd2 Qb7 28. Rc2 Nc5 29. Qb2 N3a4 30. Qf6 Rb8 31. Qd6 Ne4 32. Qe5 b3 33. Rc7 Qb6 34. Rac1 Nec5 35. Qe7 Qe6 36. Qxe6 Nxe6 37. Rc8+ Rxc8 38. Rxc8+ Kg7 39. Rb8 b2 40. Nd2 Nec5 41. Kf1 Kf6 42. Nb1 Ke5 43. f3 1/2-1/2

[Event "ESCC-65 2022"]
[Site "Lublin"]
[Date "2022.07.12"]
[Round "8.1"]
[White "Bogdanov, Valentin"]
[Black "Renman, Nils-Gustaf"]
[Result "0-1"]
[ECO "D43"]
[WhiteElo "2333"]
[BlackElo "2311"]
[Annotator "ChessBase"]
[PlyCount "52"]
[EventDate "2022.07.05"]
[EventType "swiss"]
[EventCountry "POL"]
[SourceTitle "playchess.com"]
[Source "ChessBase"]
[SourceQuality "1"]
[TimeControl "40/5400+30:1800+30"]

1. d4 d5 2. c4 c6 3. Nc3 Nf6 4. Nf3 e6 5. Bg5 h6 6. Bh4 dxc4 7. e4 g5 8. Bg3 b5 9. Be2 Bb7 10. h4 g4 11. Ne5 Nbd7 12. Bxg4 Rg8 13. Bf3 Nxe5 14. Bxe5 Nd7 15. Bg3 Qb6 16. Qd2 O-O-O 17. Qf4 Bg7 18. e5 c5 19. Bxb7+ Kxb7 20. dxc5 Qxc5 21. Qf3+ Kb8 22. Ne4 Qb4+ 23. Kf1 Bxe5 24. Bxe5+ Nxe5 25. Qe2 Nd3 26. Rb1 Rxg2 0-1

[Event "ESCC-65 2022"]
[Site "Lublin"]
[Date "2022.07.12"]
[Round "8.2"]
[White "Malesevic, Nedeljko"]
[Black "Petran, Peter"]
[Result "1/2-1/2"]
[ECO "A40"]
[WhiteElo "2228"]
[BlackElo "2234"]
[Annotator "ChessBase"]
[PlyCount "70"]
[EventDate "2022.07.05"]
[EventType "swiss"]
[EventCountry "POL"]
[SourceTitle "playchess.com"]
[Source "ChessBase"]
[SourceQuality "1"]
[TimeControl "40/5400+30:1800+30"]

1. d4 g6 2. c4 Bg7 3. e4 Nc6 4. d5 Nd4 5. Ne2 c5 6. Nxd4 cxd4 7. Bd3 e5 8. O-O d6 9. Nd2 Nf6 10. Rb1 a5 11. Bc2 Nd7 12. Ba4 O-O 13. Bxd7 Bxd7 14. a4 f5 15. b3 b6 16. Ba3 Qc7 17. Qe2 Bh6 18. Rbe1 Rf7 19. h3 Raf8 20. Kh2 Bc8 21. f3 Be3 22. exf5 gxf5 23. Qd3 Rg7 24. Rxe3 dxe3 25. Qxe3 Rf6 26. f4 Rfg6 27. Rf2 Rg3 28. Nf3 e4 29. Bb2 h6 30. Bxg7 Qxg7 31. Re2 Bd7 32. Qxb6 exf3 33. Qd8+ Kh7 34. gxf3 Rg1 35. Re7 Rg2+ 1/2-1/2

[Event "ESCC-65 2022"]
[Site "Lublin"]
[Date "2022.07.12"]
[Round "8.3"]
[White "Lederman, Leon"]
[Black "Chapman, Terry P D"]
[Result "1-0"]
[ECO "B15"]
[WhiteElo "2213"]
[BlackElo "2207"]
[Annotator "ChessBase"]
[PlyCount "84"]
[EventDate "2022.07.05"]
[EventType "swiss"]
[EventCountry "POL"]
[SourceTitle "playchess.com"]
[Source "ChessBase"]
[SourceQuality "1"]
[TimeControl "40/5400+30:1800+30"]

1. e4 c6 2. d4 d5 3. Nc3 dxe4 4. Nxe4 Nf6 5. Nxf6+ exf6 6. c3 Bd6 7. Bd3 O-O 8. Qc2 Re8+ 9. Ne2 h5 10. O-O h4 11. Bd2 Nd7 12. Rae1 Nf8 13. f4 g6 14. f5 g5 15. Kh1 Qc7 16. h3 Bd7 17. Qd1 c5 18. Ng1 Nh7 19. Qh5 cxd4 20. cxd4 Bc6 21. Rc1 Qd7 22. Nf3 Bxf3 23. Qxf3 Rad8 24. Qd5 a6 25. Qf3 Bb8 26. Be3 Rxe3 27. Qxe3 Qd6 28. Qg1 g4 29. Be4 Qb4 30. Rc3 Ng5 31. Re1 Qxb2 32. Rce3 Bg3 33. hxg4 Bxe1 34. Qxe1 Rxd4 35. Bf3 Kg7 36. Qxh4 Rd8 37. Qe1 Rc8 38. Re2 Qd4 39. Qf2 Rc1+ 40. Qf1 Rc8 41. Qe1 Ra8 42. Qd1 Qd6 1-0

[Event "ESCC-65 2022"]
[Site "Lublin"]
[Date "2022.07.12"]
[Round "8.4"]
[White "Biro, Sandor"]
[Black "Stebbings, Anthony J"]
[Result "0-1"]
[ECO "B40"]
[WhiteElo "2116"]
[BlackElo "2283"]
[Annotator "ChessBase"]
[PlyCount "68"]
[EventDate "2022.07.05"]
[EventType "swiss"]
[EventCountry "POL"]
[SourceTitle "playchess.com"]
[Source "ChessBase"]
[SourceQuality "1"]
[TimeControl "40/5400+30:1800+30"]

1. e4 c5 2. Nf3 e6 3. c3 Nf6 4. e5 Nd5 5. d4 cxd4 6. cxd4 d6 7. Bc4 Be7 8. O-O O-O 9. Qe2 b6 10. Nbd2 Bb7 11. Ne4 dxe5 12. dxe5 Nd7 13. Bd2 Nc5 14. Ng3 a5 15. Rfd1 Rc8 16. Rac1 Qc7 17. Nd4 Rfd8 18. f4 g6 19. Nb5 Qb8 20. Qg4 Ba8 21. Nd4 Qb7 22. Nf3 Kh8 23. Re1 Nb4 24. Re2 b5 25. Ng5 Bf8 26. Bxb5 h6 27. N3e4 Nxe4 28. Rxe4 hxg5 29. Rxc8 Rxc8 30. Re2 Qxb5 31. fxg5 Qc5+ 32. Be3 Qc4 33. Qh3+ Kg8 34. Re1 Bc5 0-1

[Event "ESCC-65 2022"]
[Site "Lublin"]
[Date "2022.07.12"]
[Round "8.5"]
[White "Schulz, Michael"]
[Black "Krupa, Jerzy"]
[Result "1-0"]
[ECO "A45"]
[WhiteElo "2217"]
[BlackElo "1771"]
[Annotator "ChessBase"]
[PlyCount "53"]
[EventDate "2022.07.05"]
[EventType "swiss"]
[EventCountry "POL"]
[SourceTitle "playchess.com"]
[Source "ChessBase"]
[SourceQuality "1"]
[TimeControl "40/5400+30:1800+30"]

1. d4 Nf6 2. Bg5 e6 3. e4 h6 4. Bxf6 Qxf6 5. Nc3 Bb4 6. Qd2 O-O 7. e5 Qe7 8. Bd3 d6 9. Nf3 dxe5 10. dxe5 Qc5 11. O-O Bxc3 12. bxc3 Nc6 13. Rfe1 Rd8 14. Rab1 a6 15. Qf4 Qxc3 16. Qe4 g6 17. Qh4 h5 18. g4 Rd5 19. gxh5 Nxe5 20. Rxe5 Rxe5 21. hxg6 fxg6 22. Nxe5 Qxe5 23. Bxg6 Qg7 24. Qd8+ Qf8 25. Qxc7 Qg7 26. Qd8+ Qf8 27. Qg5 1-0

[Event "ESCC-65 2022"]
[Site "Lublin"]
[Date "2022.07.12"]
[Round "8.6"]
[White "Sokolowski, Ryszard"]
[Black "Rak, Tomasz"]
[Result "1-0"]
[ECO "E73"]
[WhiteElo "2050"]
[BlackElo "1887"]
[Annotator "ChessBase"]
[PlyCount "139"]
[EventDate "2022.07.05"]
[EventType "swiss"]
[EventCountry "POL"]
[SourceTitle "playchess.com"]
[Source "ChessBase"]
[SourceQuality "1"]
[TimeControl "40/5400+30:1800+30"]

1. d4 Nf6 2. c4 g6 3. Nc3 Bg7 4. e4 d6 5. Be2 O-O 6. Bg5 h6 7. Be3 a5 8. h4 e5 9. d5 Na6 10. Qd2 Kh7 11. f3 Nh5 12. g4 Nf4 13. O-O-O Nc5 14. Nh3 Nxh3 15. Rxh3 a4 16. Kb1 Ra6 17. Qc2 Bd7 18. Rh2 Qe7 19. h5 g5 20. Bf1 Rd8 21. Rhd2 Bf8 22. Bxc5 dxc5 23. d6 Rxd6 24. Nd5 Qe6 25. Nxc7 Qf6 26. Nd5 Qg7 27. Nc3 Rd4 28. Ne2 Rxd2 29. Rxd2 Qf6 30. Nc3 Bc6 31. Be2 a3 32. b3 Rd4 33. Nd5 Qd8 34. Rxd4 cxd4 35. b4 Kg7 36. Qb3 Qa8 37. c5 Qa7 38. Nb6 Kf6 39. Bc4 Be8 40. Kc1 Kg7 41. Qd3 Kf6 42. Bb5 Bc6 43. Bc4 Be8 44. Bb3 Qb8 45. Qc4 Qd8 46. Kd2 Kg7 47. Nd5 Qd7 48. Bc2 Qe6 49. Bd3 Bc6 50. Qb3 b5 51. Kc2 Qd7 52. Nb6 Qa7 53. Kd2 Be7 54. Bc2 Bb7 55. Qd3 Qa6 56. Bb3 Bd8 57. Nd5 Bc6 58. Bd1 Qa7 59. Kc1 f5 60. gxf5 g4 61. fxg4 Bg5+ 62. Kb1 Qb7 63. Bb3 Qd7 64. Qf3 Qd8 65. Kc2 Bh4 66. f6+ Bxf6 67. Qf5 Bxd5 68. Qg6+ Kf8 69. Bxd5 d3+ 70. Kxd3 1-0

[Event "ESCC-65 2022"]
[Site "Lublin"]
[Date "2022.07.12"]
[Round "8.7"]
[White "Praszak, Michal"]
[Black "Stokes, Michael"]
[Result "1-0"]
[ECO "D58"]
[WhiteElo "2048"]
[BlackElo "2024"]
[Annotator "ChessBase"]
[PlyCount "53"]
[EventDate "2022.07.05"]
[EventType "swiss"]
[EventCountry "POL"]
[SourceTitle "playchess.com"]
[Source "ChessBase"]
[SourceQuality "1"]
[TimeControl "40/5400+30:1800+30"]

1. d4 d5 2. c4 e6 3. Nf3 Nf6 4. Nc3 Be7 5. Bg5 h6 6. Bh4 O-O 7. e3 b6 8. Qb3 Bb7 9. Bxf6 Bxf6 10. cxd5 exd5 11. Rd1 Re8 12. Be2 c6 13. O-O Nd7 14. Rfe1 Qe7 15. Bd3 a5 16. a3 Qe6 17. e4 c5 18. Nxd5 Bxd5 19. exd5 Qg4 20. Rxe8+ Rxe8 21. h3 Qh5 22. Bb5 Rd8 23. Bxd7 Rxd7 24. dxc5 bxc5 25. Qb5 Rxd5 26. Qe8+ Kh7 27. Qe4+ 1-0

[Event "ESCC-65 2022"]
[Site "Lublin"]
[Date "2022.07.12"]
[Round "8.8"]
[White "Dobosz, Henryk"]
[Black "Neumann, Joachim"]
[Result "1/2-1/2"]
[ECO "E14"]
[WhiteElo "2354"]
[BlackElo "2082"]
[Annotator "ChessBase"]
[PlyCount "32"]
[EventDate "2022.07.05"]
[EventType "swiss"]
[EventCountry "POL"]
[SourceTitle "playchess.com"]
[Source "ChessBase"]
[SourceQuality "1"]
[TimeControl "40/5400+30:1800+30"]

1. Nf3 Nf6 2. c4 e6 3. d4 b6 4. e3 Bb7 5. Bd3 d5 6. O-O Bd6 7. Nc3 a6 8. Qe2 Ne4 9. Ne5 Nd7 10. Nxd7 Qxd7 11. f3 Nxc3 12. bxc3 O-O 13. Rb1 dxc4 14. Bxc4 b5 15. Bd3 c5 16. e4 cxd4 1/2-1/2

[Event "ESCC-65 2022"]
[Site "Lublin"]
[Date "2022.07.12"]
[Round "8.9"]
[White "Syre, Christian"]
[Black "Gasik, Piotr"]
[Result "1-0"]
[ECO "A88"]
[WhiteElo "2243"]
[BlackElo "1990"]
[Annotator "ChessBase"]
[PlyCount "96"]
[EventDate "2022.07.05"]
[EventType "swiss"]
[EventCountry "POL"]
[SourceTitle "playchess.com"]
[Source "ChessBase"]
[SourceQuality "1"]
[TimeControl "40/5400+30:1800+30"]

1. c4 d6 2. Nc3 g6 3. g3 f5 4. Bg2 Nf6 5. d4 Bg7 6. Nf3 O-O 7. O-O c6 8. d5 Bd7 9. Qb3 Qc8 10. c5 cxd5 11. cxd6 e6 12. Bf4 Na6 13. Rac1 Nc5 14. Qa3 b6 15. b4 Qa6 16. Qxa6 Nxa6 17. a3 Ne4 18. Be5 Rfd8 19. Bxg7 Kxg7 20. Nxe4 fxe4 21. Nd4 Rac8 22. Bh3 Kf6 23. f4 Kf7 24. e3 Kf6 25. Bg4 Rxc1 26. Rxc1 e5 27. fxe5+ Kxe5 28. Be2 Nb8 29. Rc7 a6 30. Rb7 Nc6 31. Nxc6+ Bxc6 32. Rxb6 Rxd6 33. Bxa6 Bd7 34. Rxd6 Kxd6 35. Kf2 Ke5 36. b5 Kd6 37. Ke2 Kc5 38. Kd2 Bg4 39. a4 Bh3 40. Kc3 Bf1 41. Bc8 Be2 42. Bd7 Bd1 43. a5 Be2 44. a6 Kb6 45. Kd4 Bc4 46. Bc6 g5 47. Ke5 h6 48. Kd4 Ka7 1-0

[Event "ESCC-65 2022"]
[Site "Lublin"]
[Date "2022.07.12"]
[Round "8.10"]
[White "Hewson, Brian W R"]
[Black "Olszowski, Andrzej"]
[Result "1-0"]
[ECO "D45"]
[WhiteElo "2049"]
[BlackElo "1600"]
[Annotator "ChessBase"]
[PlyCount "105"]
[EventDate "2022.07.05"]
[EventType "swiss"]
[EventCountry "POL"]
[SourceTitle "playchess.com"]
[Source "ChessBase"]
[SourceQuality "1"]
[TimeControl "40/5400+30:1800+30"]

1. d4 d5 2. c4 c6 3. Nf3 Nf6 4. Nc3 e6 5. e3 a6 6. Bd3 b5 7. cxb5 cxb5 8. O-O Nbd7 9. a3 Bb7 10. Bd2 Bd6 11. Rc1 O-O 12. h3 Rc8 13. Qe2 Ne4 14. Na2 Nb6 15. Bb4 Qd7 16. Nd2 Rfe8 17. Nb3 Nc4 18. Bxe4 dxe4 19. Bxd6 Qxd6 20. Nc5 Bd5 21. Rfd1 f5 22. Nc3 Ra8 23. Ra1 Nb6 24. Nxd5 exd5 25. g3 Rf8 26. b4 Nc4 27. a4 Qg6 28. Kh2 Qd6 29. Ra2 Qc6 30. Rda1 g6 31. axb5 axb5 32. Ra6 Rxa6 33. Rxa6 Qc8 34. Qa2 Re8 35. Ra7 Kh8 36. Kg2 g5 37. Nd7 Qc6 38. Qa6 Qxa6 39. Rxa6 Rd8 40. Ra7 Kg7 41. Ne5+ Kg8 42. Nf7 Rc8 43. Nh6+ Kh8 44. Nxf5 Nd2 45. g4 h5 46. gxh5 Nf3 47. Kg3 Rc1 48. Kg4 Rc2 49. h6 Rxf2 50. Kh5 Nh4 51. Ne7 g4 52. Kxh4 gxh3 53. Ng6+ 1-0

[Event "ESCC-65 2022"]
[Site "Lublin"]
[Date "2022.07.12"]
[Round "8.11"]
[White "Wagner-Michel, Annett"]
[Black "Gromowski, Stanislaw"]
[Result "1-0"]
[ECO "B54"]
[WhiteElo "2056"]
[BlackElo "1613"]
[Annotator "ChessBase"]
[PlyCount "123"]
[EventDate "2022.07.05"]
[EventType "swiss"]
[EventCountry "POL"]
[SourceTitle "playchess.com"]
[Source "ChessBase"]
[SourceQuality "1"]
[TimeControl "40/5400+30:1800+30"]

1. e4 c5 2. Nf3 d6 3. d4 cxd4 4. Nxd4 a6 5. c4 Nf6 6. Nc3 e6 7. Be2 Be7 8. O-O O-O 9. Be3 Nbd7 10. Kh1 Re8 11. Rc1 Nc5 12. f3 h6 13. b4 Ncd7 14. a3 Bf8 15. Qd2 Ne5 16. f4 Ng6 17. Nb3 b6 18. Bf3 Rb8 19. Qf2 Bd7 20. g4 Nh7 21. Nd4 e5 22. Nde2 Nh4 23. Nd5 Nxf3 24. Qxf3 exf4 25. Bxf4 Nf6 26. Be3 Be6 27. Nd4 Qd7 28. Nxf6+ gxf6 29. Nf5 b5 30. Nxh6+ Bxh6 31. Bxh6 Qe7 32. c5 dxc5 33. Rxc5 Bc4 34. Re1 Rbd8 35. g5 Rd6 36. gxf6 Rxf6 37. Rg5+ Kh7 38. Qc3 Rg6 39. Rxg6 fxg6 40. Bd2 Qh4 41. Qg3 Qxg3 42. hxg3 Kg7 43. Kg2 Kf7 44. Bc3 Rd8 45. Re3 Rc8 46. Kf3 g5 47. e5 Be6 48. Bd2 Rd8 49. Bc3 Rc8 50. Bd2 Rc2 51. Bc3 Kg6 52. Ke4 Ra2 53. Bd4 Rd2 54. Rc3 Bc4 55. Rf3 Re2+ 56. Be3 Rg2 57. Rf6+ Kh5 58. e6 Rxg3 59. e7 Bd5+ 60. Kxd5 Rxe3 61. Re6 Rg3 62. Kd4 1-0

[Event "ESCC-65 2022"]
[Site "Lublin"]
[Date "2022.07.12"]
[Round "8.12"]
[White "Chubar, Vladimir"]
[Black "Sciupokas, Arunas"]
[Result "1/2-1/2"]
[ECO "A40"]
[WhiteElo "1809"]
[BlackElo "1960"]
[Annotator "ChessBase"]
[PlyCount "91"]
[EventDate "2022.07.05"]
[EventType "swiss"]
[EventCountry "POL"]
[SourceTitle "playchess.com"]
[Source "ChessBase"]
[SourceQuality "1"]
[TimeControl "40/5400+30:1800+30"]

1. d4 Nc6 2. Nf3 d5 3. Bf4 Nf6 4. e3 g6 5. c4 Bg7 6. Nc3 O-O 7. h3 Bf5 8. g4 Be4 9. Nxe4 Nxe4 10. Qb3 Na5 11. Qc2 Nf6 12. c5 Nc6 13. Bb5 Nd7 14. Bxc6 bxc6 15. Qa4 e5 16. Bxe5 Nxe5 17. dxe5 f6 18. e6 f5 19. Nd4 Bxd4 20. Qxd4 Qf6 21. O-O-O Qxd4 22. Rxd4 fxg4 23. hxg4 Rxf2 24. Rf4 Rf8 25. Ra4 Rf1+ 26. Rxf1 Rxf1+ 27. Kc2 Rf6 28. Rxa7 Rxe6 29. Rxc7 h5 30. gxh5 gxh5 31. e4 dxe4 32. Rd7 e3 33. Kd1 Re5 34. b4 h4 35. Ke2 h3 36. Rd1 Rd5 37. Rg1+ Kf7 38. Kxe3 h2 39. Rh1 Rh5 40. Kd3 Ke6 41. Kc4 Rh3 42. a4 Rh4+ 43. Kc3 Rh3+ 44. Kb2 Kd5 45. Kc2 Kc4 46. b5 1/2-1/2

[Event "ESCC-65 2022"]
[Site "Lublin"]
[Date "2022.07.12"]
[Round "8.13"]
[White "Scowen, Roger S"]
[Black "Sosnowska, Elzbieta"]
[Result "1-0"]
[ECO "B06"]
[WhiteElo "1864"]
[BlackElo "1726"]
[Annotator "NA"]
[PlyCount "57"]
[EventDate "2022.07.05"]
[EventType "swiss"]
[EventCountry "POL"]
[SourceTitle "playchess.com"]
[Source "ChessBase"]
[SourceQuality "1"]
[TimeControl "40/5400+30:1800+30"]

1. e4 g6 2. d4 c6 3. c4 d5 4. cxd5 cxd5 5. e5 Nc6 6. Be3 h5 7. Qd2 Nh6 8. Nf3 Bg4 9. Be2 Nf5 10. Nc3 Nxe3 11. fxe3 e6 12. O-O Bh6 13. Nb5 O-O 14. h3 Bxf3 15. Rxf3 a6 16. Nd6 f6 17. Nxb7 Qb6 18. Rg3 Kh7 19. Qd3 f5 20. Nd6 Qxb2 21. Rb1 Qxa2 22. Rb7+ Bg7 23. Bxh5 Qa1+ 24. Kh2 Nxe5 25. dxe5 Qxe5 26. Bxg6+ Kh6 27. Nf7+ Rxf7 28. Bxf7 Qd6 29. Qe2 1-0

[Event "ESCC-65 2022"]
[Site "Lublin"]
[Date "2022.07.12"]
[Round "8.14"]
[White "Severcan, Sedat Sabri"]
[Black "Berkley, Stephen W"]
[Result "1-0"]
[ECO "D34"]
[WhiteElo "1849"]
[BlackElo "1525"]
[Annotator "NA"]
[PlyCount "141"]
[EventDate "2022.07.05"]
[EventType "swiss"]
[EventCountry "POL"]
[SourceTitle "playchess.com"]
[Source "ChessBase"]
[SourceQuality "1"]
[TimeControl "40/5400+30:1800+30"]

1. d4 e6 2. c4 Nf6 3. Nf3 c5 4. g3 d5 5. cxd5 exd5 6. Bg2 Nc6 7. O-O Be7 8. Nc3 O-O 9. Bf4 Be6 10. dxc5 Bxc5 11. Ng5 h6 12. Nxe6 fxe6 13. Rc1 Be7 14. Qb3 Qb6 15. Qc2 d4 16. Na4 Qb5 17. Bh3 Nd8 18. b3 Qh5 19. Bg2 Nd5 20. Bd2 Nc6 21. Qe4 Qf5 22. Qxf5 Rxf5 23. Nc5 Bxc5 24. Rxc5 Ne3 25. Rxf5 Nxf1 26. Rc5 Nxd2 27. Rc1 e5 28. Rd1 Nxb3 29. axb3 Kf8 30. Rc1 Rc8 31. b4 Re8 32. b5 Na5 33. Bd5 Rd8 34. Ba2 Ke7 35. Rc5 d3 36. Rxe5+ Kf8 37. exd3 Rxd3 38. Rf5+ Ke8 39. Bg8 Rd7 40. Kg2 Ke7 41. h4 b6 42. h5 Kd6 43. g4 Nb7 44. f4 Ke7 45. g5 hxg5 46. fxg5 Rd2+ 47. Kg3 Nd6 48. Re5+ Kf8 49. Be6 Rd3+ 50. Kf2 Rd2+ 51. Ke1 Rh2 52. g6 Rh4 53. Bd5 Ne8 54. Bc6 Nf6 55. Bf3 Rf4 56. Ke2 Rb4 57. Ke3 Rb3+ 58. Kf4 Rb4+ 59. Kf5 Rh4 60. Ke6 Rf4 61. Be2 Rd4 62. h6 Rh4 63. h7 Nxh7 64. gxh7 Rxh7 65. Rf5+ Ke8 66. Bh5+ Kd8 67. Rf8+ Kc7 68. Rf7+ Kd8 69. Bg6 Rh2 70. Rxg7 Rb2 71. Kd6 1-0

[Event "ESCC-65 2022"]
[Site "Lublin"]
[Date "2022.07.12"]
[Round "8.16"]
[White "Virtanen, Esko"]
[Black "Plesiuk, Jan"]
[Result "0-1"]
[ECO "A06"]
[WhiteElo "1709"]
[BlackElo "1573"]
[Annotator "NA"]
[PlyCount "90"]
[EventDate "2022.07.05"]
[EventType "swiss"]
[EventCountry "POL"]
[SourceTitle "playchess.com"]
[Source "ChessBase"]
[SourceQuality "1"]
[TimeControl "40/5400+30:1800+30"]

1. Nf3 d5 2. d4 c6 3. c4 e6 4. Bf4 Bd6 5. Bxd6 Qxd6 6. e3 Nf6 7. Nc3 O-O 8. Rc1 Nbd7 9. h3 Re8 10. Be2 h6 11. O-O dxc4 12. Bxc4 e5 13. Qb3 Qf8 14. Nh4 exd4 15. Ng6 Nc5 16. Bxf7+ Qxf7 17. Qxf7+ Kxf7 18. exd4 Kxg6 19. dxc5 Be6 20. a3 Bc4 21. Rfe1 Rxe1+ 22. Rxe1 Re8 23. Rd1 Nd5 24. Nxd5 cxd5 25. Rc1 Re2 26. b4 Bb5 27. Rd1 Bc6 28. Rd3 Re5 29. Kh2 Kf6 30. g4 g5 31. Kg3 Re4 32. h4 Rf4 33. hxg5+ hxg5 34. f3 d4 35. Kf2 Ke5 36. a4 a6 37. Rb3 Bxa4 38. Rb1 Bc2 39. Re1+ Kd5 40. Re7 Bd1 41. Rxb7 Bxf3 42. Rd7+ Kc4 43. Rg7 Bxg4+ 44. Kg3 d3 45. Rxg5 Rd4 0-1

[Event "ESCC-65 2022"]
[Site "Lublin"]
[Date "2022.07.13"]
[Round "9.1"]
[White "Stebbings, Anthony J"]
[Black "Renman, Nils-Gustaf"]
[Result "1/2-1/2"]
[ECO "D45"]
[WhiteElo "2283"]
[BlackElo "2311"]
[Annotator "ChessBase"]
[PlyCount "52"]
[EventDate "2022.07.05"]
[EventType "swiss"]
[EventCountry "POL"]
[SourceTitle "playchess.com"]
[Source "ChessBase"]
[SourceQuality "1"]
[TimeControl "40/5400+30:1800+30"]

1. d4 d5 2. c4 c6 3. Nc3 Nf6 4. e3 e6 5. Nf3 Nbd7 6. Qc2 Bd6 7. Bd3 dxc4 8. Bxc4 b5 9. Bd3 Bb7 10. O-O O-O 11. e4 e5 12. h3 a6 13. dxe5 Nxe5 14. Nxe5 Bxe5 15. Be3 Bd4 16. Bxd4 Qxd4 17. Rad1 Qc5 18. Kh2 Rfe8 19. f4 Qh5 20. Rde1 c5 21. e5 Nd5 22. Nxd5 Bxd5 23. Qxc5 Bxa2 24. f5 Rad8 25. Rf3 Qh4 26. Re4 Qe7 1/2-1/2